 Dungeon Sprint DCSS version 0.27.1-1-g398f81649c (webtiles) character file.

Game seed: 8260667809038939570

154 styxcanada the Covert (level 5, 0/28 HPs)
             Began as a Spriggan Brigand on Sept 15, 2021.
             Was an Initiate of Gozag.
             Killed from afar by an oklob sapling wizard (7 damage)
             ... with a splash of acid
             ... in the Dungeon (Sprint IV: "Fedhas' Mad Dash").
             The game lasted 00:01:18 (123 turns).

styxcanada the Covert (Spriggan Brigand)             Turns: 123, Time: 00:01:18

Health: 0/28       AC:  3    Str:  7    XL:     5   Next: 13%
Magic:  4/6        EV: 19    Int: 12    God:    Gozag
Gold:   72         SH:  0    Dex: 18    Spells: 4/4 levels left

rFire    . . .     SeeInvis +   a - +2 dagger
rCold    . . .     Faith    .   (shield restricted)
rNeg     . . .     Spirit   .   b - +0 robe
rPois    .         Reflect  .   (helmet restricted)
rElec    .         Harm     .   c - +0 cloak
rCorr    .         Rampage  .   (gloves unavailable)
Will     .....     NoTele   +   (boots unavailable)
Stlth    ++++++....             l - amulet of invisibility {+Inv}
HPRegen  0.09/turn              (no ring)
MPRegen  0.10/turn              (no ring)

@: very slightly contaminated, very quick
A: very small, no large weapons, unfitting armour, see invisible, speed 3
a: Renounce Religion, Evoke Invisibility, Potion Petition, Call Merchant, Bribe
Branch


You were in the Dungeon.
You worshipped Gozag.
Gozag was noncommittal.
You visited 1 branch You collected 72 gold pieces.

Inventory:

Hand Weapons
 a - a +2 dagger (weapon)
Missiles
 d - 8 poisoned darts
 e - a curare-tipped dart (quivered)
Armour
 b - a +0 robe (worn)
 c - a +0 cloak (worn)
Jewellery
 l - the amulet of invisibility (around neck) {+Inv}
   (You found it in the Dungeon)

   [amulet of nothing]

   +Inv:      It lets you turn invisible.
Scrolls
 k - 2 scrolls of blinking
Potions
 f - 2 potions of curing
 g - a potion of heal wounds
 h - a potion of haste
 i - 2 potions of magic
 j - a potion of berserk rage


   Skills:
 * Level 3.1 Fighting
 + Level 3.2 Short Blades
 + Level 3.3 Throwing
 * Level 4.8 Dodging
 * Level 13.3 Stealth
 * Level 2.0 Evocations


You had 4 spell levels left.
You didn't know any spells.
Your spell library was empty.

Dungeon Overview and Level Annotations

Branches:
Dungeon (1/1)

Altars:
Cheibriados
Dithmenos
Elyvilon
Gozag
Hepliaklqana
Kikubaaqudgha
Makhleb
Nemelex Xobeh
Okawaru
Qazlal
Ru
Sif Muna
Trog
Uskayaw
Vehumet
Wu Jian
Xom
Yredelemnul
Zin
The Shining One
Beogh
Jiyva
Lugonu

Annotations:
D exclusion: oklob sapling


Innate Abilities, Weirdness & Mutations

You are very small and have problems with some larger weapons.
You are too small for most types of armour.
You have supernaturally acute eyesight. (SInv)
You cover ground extremely quickly. (Speed+++)


Message History

There is an opulent altar of Gozag here.
You kneel at the altar of Gozag.
Gozag welcomes you!
Gozag waives the service fee.
Found a corrupted altar of Lugonu and a radiant altar of Vehumet.
There is a hazy altar of Hepliaklqana here.
The helpless oklob sapling priest fails to defend itself.
You spit the oklob sapling priest like a pig!!!
You destroy the oklob sapling priest!
Your Fighting skill increases to level 3!
Your Stealth skill increases to level 13!
Your Evocations skill gained 2 levels and is now at level 2!
You have reached level 5!
You feel agile.
You flicker for a moment.
You now have 72 gold pieces (gained 27).
There is an iron altar of Okawaru here.
There is a stormy altar of Qazlal here.
You open the door.
An oklob sapling wizard comes into view.
Marking area around an oklob sapling as unsafe for travelling.
Found 20 gold pieces.
You flicker back into view.
The oklob sapling wizard spits acid at you.
The splash of acid hits you!
Ouch! That really hurt!
You are splashed with acid!
* * * LOW HITPOINT WARNING * * *
There is an open door here.
You hit the oklob sapling wizard.
The oklob sapling wizard is lightly damaged.
The oklob sapling wizard spits acid at you.
The splash of acid misses you.
Okay, then.
You fail to use your ability.
You fail to use your ability.
The oklob sapling wizard spits acid at you.
The splash of acid hits you!
You die...
Your body crumbles into a pile of gold.

###################
.#.⌠._._._._.⌠.#.$+$
.'.._._._._._..'@P#$
$
.#..._._._._...#..#
$$
##.._._._._._..#.$#
$ #._._._._._.⌠.####
$############### $ $
$$ $


You could see an oklob sapling wizard.

Vanquished Creatures
  A scorpion (D)
  2 oklob saplings (D)
  A river rat (D)
  A rat (D)
5 creatures vanquished.

Vanquished Creatures (others)
  2 fungi (D)
2 creatures vanquished.

Grand Total: 7 creatures vanquished

Notes
Turn   | Place    | Note
-------+----------+-------------------------------------------
     0 | D        | styxcanada the Spriggan Brigand began the quest for the
                  | Orb.
     0 | D        | Reached XP level 1. HP: 10/10 MP: 2/2
    17 | D        | Reached skill level 6 in Stealth
    19 | D        | Reached skill level 7 in Stealth
    19 | D        | Reached XP level 2. HP: 12/15 MP: 3/3
    71 | D        | Noticed an oklob sapling
    73 | D        | Killed an oklob sapling
    74 | D        | Reached skill level 9 in Stealth
    74 | D        | Reached XP level 3. HP: 18/18 MP: 4/4
    75 | D        | Noticed a scorpion
    75 | D        | Found the amulet of invisibility {+Inv}
    77 | D        | Killed a scorpion
    78 | D        | Reached skill level 12 in Stealth
    78 | D        | Reached XP level 4. HP: 23/23 MP: 5/5
   100 | D        | Found an opulent altar of Gozag.
   100 | D        | Found a hazy altar of Hepliaklqana.
   100 | D        | Found a burning altar of Makhleb.
   100 | D        | Found a sparkling altar of Nemelex Xobeh.
   100 | D        | Found a snail-covered altar of Cheibriados.
   100 | D        | Found a sacrificial altar of Ru.
   100 | D        | Found a shimmering blue altar of Sif Muna.
   100 | D        | Found a shimmering altar of Xom.
   100 | D        | Found a basalt altar of Yredelemnul.
   101 | D        | Found a viscous altar of Jiyva.
   101 | D        | Found a bloodstained altar of Trog.
   101 | D        | Found an ornate altar of the Wu Jian Council.
   102 | D        | Found an iron altar of Okawaru.
   102 | D        | Found a shadowy altar of Dithmenos.
   102 | D        | Found a glowing silver altar of Zin.
   103 | D        | Found an ancient bone altar of Kikubaaqudgha.
   103 | D        | Found a hide-covered altar of Uskayaw.
   104 | D        | Found a stormy altar of Qazlal.
   104 | D        | Found a white marble altar of Elyvilon.
   104 | D        | Found a glowing golden altar of the Shining One.
   105 | D        | Became a worshipper of Gozag Ym Sagoz the Greedy
   106 | D        | Found a corrupted altar of Lugonu.
   106 | D        | Found a radiant altar of Vehumet.
   110 | D        | Reached skill level 13 in Stealth
   110 | D        | Reached XP level 5. HP: 28/28 MP: 3/6
   123 | D        | Killed from afar by an oklob sapling wizard

Illustrated notes

Levels and vault maps discovered:
D:        dungeon_sprint_fedhas [sprint_temple]

Skill      XL: |  1  2  3  4 |
---------------+-------------+-----
Stealth        | 7 9 12 13 | 13.3
Dodging        | 2 3 4 |  4.8
Fighting       | 2 3 |  3.1
Short Blades   | 3 |  3.2
Throwing       | 3 |  3.3
Evocations     | 2 |  2.0

Action                   |  1- 3 |  4- 6 || total
-------------------------+-------+-------++-------
Melee: Dagger            |    10 |     2 ||    12
Throw: Dart              |     9 |       ||     9
 Abil: Evoke Invisibilit |       |     1 ||     1
 Stab: Sleeping          |     2 |     1 ||     3
Dodge: Dodged            |     3 |     1 ||     4
